 Dungeon Crawl Stone Soup version 0.29.1-12-g30fa7ad0bf (webtiles) character file.

Game seed: 14080093497984513750

33482 FexLirch the Summoner (level 13, -19/88 HPs)
             Began as an Octopode Summoner on Dec 25, 2022.
             Was an Initiate of Gozag.
             Hit by a javelin thrown by a minotaur (25 damage)
             ... in a Gauntlet on Dec 26, 2022.
             The game lasted 01:21:18 (16237 turns).

FexLirch the Summoner (Octopode Summoner)          Turns: 16237, Time: 01:21:19

Health: -19/88     AC:  6    Str: 11    XL:     13   Next: 71%
Magic:  19/36      EV: 14    Int: 22    God:    Gozag
Gold:   4320       SH:  4    Dex:  7    Spells: 6/33 levels left

rFire   . . .      SeeInvis .   f - +2 dagger (venom)
rCold   + + +      Faith    .   J - +0 buckler "Kinebrau" {Drain rElec Str+3}
rNeg    + + +      Spirit   .   o - +1 hat
rPois   +          Reflect  .   D - amulet of magic regeneration
rElec   +          Harm     .   j - ring of resist corrosion
rCorr   +          Rampage  .   t - ring "Adepeosa" {rElec rPois MP+9 AC+4}
Will    .....      NoTele   +   z - ring of wizardry
Stlth   +++.......              Q - ring of positive energy
HPRegen 0.24/turn               R - ring of positive energy
MPRegen 0.65/turn               W - ring of wizardry
                                Y - ring "Meiz" {Fly rC+++ rN++ Dex-5 Stlth-}
                                Z - ring "Laedoc" {Wiz Stlth+}

@: flying
A: almost no armour, amphibious, 8 rings, camouflage 1, gelatinous body 1,
(nimble swimmer 1), tentacles
a: Renounce Religion, Potion Petition, Call Merchant, Bribe Branch


You were in a Gauntlet.
You worshipped Gozag.
Gozag was most pleased with you.
You visited 3 branches of the dungeon, and saw 16 of its levels.
You also visited: Sewer and Gauntlet.

You collected 4463 gold pieces.
You paid 143 gold pieces to Gozag.

Inventory:

Hand Weapons
 f - a +2 dagger of venom (weapon)
 x - the +4 short sword of the Forsaken Tusks {pain, *Rage rC+ rN+++ Int-3}
   (You found it on level 6 of the Dungeon)

   In the hands of one skilled in necromantic magic, it inflicts extra damage on
   living creatures.
   Int:       It affects your intelligence (-3).
   rC:        It protects you from cold.
   rN:        It renders you almost immune to negative energy.
   *Rage:     It berserks you when you make melee attacks (+20% chance).
 V - the +9 great sword of the Beloved God {flame, Drain rPois rC+ Str+5}
   (You found it on level 14 of the Dungeon)

   It burns those it strikes, dealing additional fire damage.
   Big, fiery blades are also staple armaments of hydra-hunters.
   Str:       It affects your strength (+5).
   rC:        It protects you from cold.
   rPois:     It protects you from poison.
   Drain:     It drains your maximum health when unequipped.
Armour
 b - a +0 kite shield
 o - a +1 hat (worn)
 J - the +0 buckler "Kinebrau" (worn) {Drain rElec Str+3}
   (You acquired it on level 9 of the Dungeon)

   Str:       It affects your strength (+3).
   rElec:     It insulates you from electricity.
   Drain:     It drains your maximum health when unequipped.
Magical Staves
 I - a staff of fire
Jewellery
 j - a ring of resist corrosion (left tentacle)
 t - the ring "Adepeosa" (right tentacle) {rElec rPois MP+9 AC+4}
   (You found it in a sewer)

   [ring of protection]

   AC:        It affects your AC (+4).
   rElec:     It insulates you from electricity.
   rPois:     It protects you from poison.
   MP:        It affects your magic capacity (+9).
 z - a ring of wizardry (on tentacle)
 D - an amulet of magic regeneration (around mantle)
 Q - a ring of positive energy (on tentacle)
 R - a ring of positive energy (on tentacle)
 U - an amulet of guardian spirit
 W - a ring of wizardry (on tentacle)
 Y - the ring "Meiz" (on tentacle) {Fly rC+++ rN++ Dex-5 Stlth-}
   (You found it in a Gauntlet)

   [ring of flight]

   Dex:       It affects your dexterity (-5).
   rC:        It renders you almost immune to cold.
   rN:        It greatly protects you from negative energy.
   Fly:       It grants you flight.
   Stlth:     It makes you less stealthy.
 Z - the ring "Laedoc" (on tentacle) {Wiz Stlth+}
   (You found it in a Gauntlet)

   [ring of wizardry]

   It improves your spell success rate.
   Stlth:     It makes you more stealthy.
Wands
 y - a wand of iceblast (23)
 F - a wand of polymorph (5)
 K - a wand of paralysis (16)
 L - a wand of quicksilver (9)
 P - a wand of flame (2)
 T - a wand of digging (5)
Scrolls
 d - 3 scrolls of vulnerability
 e - 3 scrolls of noise
 h - 4 scrolls of fear
 l - 7 scrolls of teleportation
 q - 3 scrolls of enchant weapon
 r - 3 scrolls of magic mapping
 s - a scroll of summoning {unknown}
 v - 2 scrolls of blinking
 A - 2 scrolls of amnesia {unknown}
 M - 3 scrolls of silence {unknown}
 O - a scroll of fog {unknown}
 S - 6 scrolls of enchant armour
Potions
 a - 3 potions of magic
 c - 5 potions of haste
 g - 2 potions of lignification {unknown}
 i - a potion of experience {unknown}
 k - 8 potions of brilliance
 m - 2 potions of mutation {unknown}
 n - 2 potions of might
 p - 3 potions of cancellation {unknown}
 u - a potion of invisibility {unknown}
 w - 6 potions of flight {unknown}
 B - 6 potions of curing {unknown}
 C - 4 potions of attraction {unknown}
 E - 3 potions of heal wounds
 G - 3 potions of berserk rage {unknown}
 H - 3 potions of ambrosia {unknown}
 N - a potion of degeneration {unknown}


   Skills:
 + Level 7.8 Fighting
 + Level 8.2 Dodging
 - Level 2.6 Stealth
 - Level 4.0 Shields
 + Level 10.5 Spellcasting
 - Level 5.0 Hexes
 * Level 14.6 Summonings
 - Level 7.0 Air Magic


You had 6 spell levels left.
You knew the following spells:

 Your Spells              Type           Power      Damage    Failure   Level
a - Summon Small Mammal   Summ           100%       N/A       0%          1
b - Call Imp              Summ           66%        N/A       1%          2
c - Call Canine Familiar  Summ           66%        N/A       1%          3
d - Summon Guardian Gole  Hex/Summ       53%        N/A       1%          3
e - Summon Lightning Spi  Summ/Air       56%        N/A       1%          4
f - Summon Cactus Giant   Summ           33%        N/A       1%          6
g - Summon Mana Viper     Hex/Summ       53%        N/A       1%          5
h - Swiftness             Air            42%        N/A       1%          3

Your spell library contained the following spells:

 Spells                   Type           Power      Damage    Failure   Level
 Beastly Appendage        Tmut           22%        N/A       1%          1
 Freeze                   Ice            44%        1d6       1%          1
 Shock                    Conj/Air       100%       1d9       1%          1
 Airstrike                Air            21%        2d(3-19)  1%          4
 Summon Forest            Summ/Tloc      21%        N/A       1%          5
 Wereblood                Tmut           11%        N/A       2%          2
 Frozen Ramparts          Ice            22%        1d4       4%          3
 Ozocubu's Armour         Ice            11%        N/A       4%          3
 Spider Form              Tmut/Pois      11%        N/A       4%          3
 Hailstorm                Conj/Ice       11%        3d5       14%         4
 Metabolic Englaciation   Hex/Ice        11%        N/A       14%         5
 Summon Horrible Things   Summ           33%        N/A       22%         8
 Malign Gateway           Summ/Tloc      21%        N/A       47%         7
 Ozocubu's Refrigeration  Ice            5%         4d8       100%        7
 Simulacrum               Ice/Necr       Unusable   N/A       N/A         6

Dungeon Overview and Level Annotations

Branches:
Dungeon (14/15)            Temple (1/1) D:6            Lair (1/5) D:8
    Orc (0/2) D:10         Vaults (0/5) D:13          Sewer (visited)
Gauntlet (1/1)

Altars:
Ashenzari
Cheibriados
Dithmenos
Elyvilon
Fedhas
Gozag
Hepliaklqana
Kikubaaqudgha
Makhleb
Nemelex Xobeh
Okawaru
Qazlal
Ru
Sif Muna
Trog
Uskayaw
Vehumet
Wu Jian
Xom
Yredelemnul
Zin
The Shining One

Shops:
D:2 (   D:10 *   D:12 *

Annotations:
D:4 Sigmund
D:5 1 transporter, ChrisAssaf's ghost, amateur HuEn
D:6 1 runed translucent door
Temple 2 transporters Gauntlet 6 transporters


Innate Abilities, Weirdness & Mutations

You cannot wear most types of armour.
You are amphibious.
You can wear up to eight rings at the same time.
Your skin changes colour to match your surroundings (Stealth+).
Your rubbery body absorbs attacks. (AC +1, EV +1)
((You are camouflaged when in or above water. (Stealth+)))
You have tentacles for arms and can constrict up to eight enemies at once.


Message History

The fiery explosion engulfs your wolf!!
The fiery explosion engulfs your cactus giant!!
You feel much better.
Your mana viper is engulfed in blazing flames.
Your mana viper barely misses the minotaur.
The minotaur throws a javelin.
The javelin pierces through your cactus giant!!!
Your cactus giant is destroyed!
Your cactus giant disappears in a puff of smoke!
The javelin pierces through you.
Your mana viper is engulfed in blazing flames.
Your mana viper bites the minotaur but does no damage.
Casting: Call Canine Familiar (safe; 1% risk of failure)
Confirm with . or Enter, or press ? or * to list all spells.
Your mana viper disappears in a puff of smoke!
Casting: Summon Cactus Giant (dangerous; 1% risk of failure)
Confirm with . or Enter, or press ? or * to list all spells.
A guardian golem appears, shielding your allies.
Your wolf barely misses the minotaur.
The minotaur furiously retaliates!
The minotaur headbutts your wolf, but does no damage.
The minotaur hits your wolf with a +2 glaive of protection!!
The minotaur gores your wolf!
Your wolf dies!
Your wolf's corpse disappears in a puff of smoke!
You swap places.
The minotaur hits something with a +2 glaive of protection!!
The minotaur gores something!
Your cactus giant barely misses the minotaur.
Something hits your guardian golem. Something gores your guardian golem!
Your guardian golem is destroyed!
Your guardian golem disappears in a puff of smoke!
Your cactus giant hits the minotaur but does no damage.
Casting: Summon Guardian Golem (safe; 1% risk of failure)
Confirm with . or Enter, or press ? or * to list all spells.
Your cactus giant disappears in a puff of smoke!
The minotaur hits you from afar with a +2 glaive of protection!!!
* * * LOW HITPOINT WARNING * * *
The minotaur throws a javelin.
The javelin pierces through you!!
You die...
Your body crumbles into a pile of gold.

##...#..#©.######.#©.
......8.#..#.#.s#..#.#..
#.###...#..#[...#....###
......8.#..#...###..y#..
..#.#...#..#....sy...#..
#######.#.#...#..###########..
/8=8.8#.. #.©.#≈.............§
......H.###..C#§.§..........§8
#§.§#.©@#≈§§...........≈
#####.#9#...#§§###########§§
#.....#.#...#§.#.........#..
#8.....§H.8.#..#.##...##.#..
##.##.###...#..#.#.#.#.#.###
#.......§8.#..#[.##.##..#..
########..§#..#©.#.©.#..#©.
#§8§#..#[.##.##..#..
#####..#.#.#.#.#.###


You could see a minotaur (ally target) and a friendly cactus giant (summoned).

Vanquished Creatures
  A cane toad (Lair:1)
  A tengu conjurer (D:13)
  A raiju (Gauntlet)
  2 vampire mosquitoes
  A scorpion (D:6)
  A necrophage (D:4)
  A wight (D:7)
  A killer bee (D:8)
  An electric eel (D:13)
  3 iguanas
  A hell rat (Lair:1)
  An adder (D:5)
  2 ufetubi
  2 worms
  5 orcs
  2 bats (D:1)
  3 giant cockroaches
  A goblin (D:1)
  2 hobgoblins
  3 kobolds
  A ball python (D:3)
  2 rats (D:3)
38 creatures vanquished.

Vanquished Creatures (collateral kills)
  A dire elephant (Gauntlet)
  A great orb of eyes (Gauntlet)
  2 hydras
  Erica (D:10)
  3 boulder beetles
  4 centaur warriors
  An ogre mage (D:13)
  2 two-headed ogres
  2 cyclopes
  3 manticores
  An ugly thing (Gauntlet)
  7 slime creatures
  3 elephants (Gauntlet)
  Maurice (D:12)
  A cane toad (shapeshifter) (D:14)
  A gargoyle (D:11)
  A komodo dragon (Lair:1)
  2 rime drakes (shapeshifter) (D:13)
  2 kobold demonologists
  2 unseen horrors (D:12)
  2 yaktaurs (D:13)
  A freezing wraith (D:13)
  A tengu conjurer (D:13)
  3 trolls
  A wind drake (shapeshifter) (D:9)
  A water elemental (D:13)
  2 shadows
  10 yaks
  2 wraiths (D:12)
  2 steam dragons
  A basilisk (Lair:1)
  A wyvern (D:10)
  3 vampire mosquitoes
  3 acid dragons
  2 water moccasins
  3 orc warriors
  3 ice beasts
  The ghost of hitthewallwitha the Slasher, an amateur MiBe of Trog (D:3)
  4 black bears
  11 centaurs
  A boggart (D:13)
  4 wolves (D:9)
  3 ogres
  2 phantoms (D:10)
  8 kobold brigands
  3 bullfrogs
  2 gnoll sergeants
  2 scorpions (D:6)
  10 wights
  12 killer bees
  2 electric eels (D:13)
  8 howler monkeys
  7 orc priests
  3 hounds
  A jelly (D:5)
  Crazy Yiuf (D:2)
  Natasha (D:4)
  Terence (D:2)
  An iguana (D:5)
  10 orc wizards
  3 hell rats (Lair:1)
  8 ogre zombies (D:10)
  2 nameless horrors
  7 gnolls
  6 adders
  A river rat (D:3)
  2 shadow imps
  An ufetubus (D:7)
  7 worms
  A dart slug (D:3)
  33 orcs
  6 endoplasms
  7 giant cockroaches
  4 goblins
  4 hobgoblins
  2 quokkas (D:1)
  9 ball pythons
  3 bats
  3 frilled lizards
  3 goblin skeletons (D:10)
  5 goblin zombies (D:10)
  A hobgoblin skeleton (D:10)
  A hobgoblin zombie (D:10)
  28 kobolds
  An orc skeleton (D:10)
  13 orc zombies (D:10)
  6 rats
  4 butterflies (D:6)
351 creatures vanquished.

Vanquished Creatures (others)
  A centaur warrior (D:13)
  A two-headed ogre (D:13)
  Joseph (D:8)
  A cyclops (D:14)
  A komodo dragon (D:8)
  3 slime creatures
  2 yaks (D:10)
  A wyvern (D:8)
  Grum (D:9)
  2 vampire mosquitoes (D:12)
  An acid dragon (D:10)
  Pargi (Sewer)
  An orc warrior (D:7)
  A centaur (D:13)
  A kobold brigand (D:13)
  A killer bee (D:8)
  An orc priest (D:5)
  An orc wizard (D:5)
  An adder (D:3)
  3 gnolls (D:5)
  An orc (D:11)
  An orc zombie (D:10)
  A butterfly (D:6)
  20 plants (D:8)
49 creatures vanquished.

Grand Total: 438 creatures vanquished

Notes
Turn   | Place    | Note
-------+----------+-------------------------------------------
     0 | D:1      | FexLirch the Octopode Summoner began the quest for the Orb.
     0 | D:1      | Reached XP level 1. HP: 11/11 MP: 3/3
   458 | D:1      | Reached XP level 2. HP: 17/17 MP: 1/5
   469 | D:1      | Learned a level 2 spell: Call Imp
   613 | D:1      | Found a faded altar of an unknown god.
  1594 | D:2      | Reached XP level 3. HP: 21/21 MP: 1/6
  1987 | D:2      | Learned a level 3 spell: Call Canine Familiar
  2097 | D:2      | Noticed Terence
  2109 | D:2      | Killed Terence
  2110 | D:2      | Reached XP level 4. HP: 27/27 MP: 3/8
  2235 | D:2      | Found a runed translucent door.
  2236 | D:2      | Noticed Crazy Yiuf
  2449 | D:2      | Found Nonyhim's Antique Weapon Shoppe.
  2466 | D:2      | Reached skill level 5 in Summonings
  2727 | D:2      | Killed Crazy Yiuf
  2728 | D:2      | Reached XP level 5. HP: 31/31 MP: 1/10
  3004 | D:3      | Found a sacrificial altar of Ru.
  3087 | D:3      | Found a runed translucent gate.
  3088 | D:3      | Found a runed translucent gate.
  3089 | D:3      | Found a runed translucent gate.
  3101 | D:3      | Noticed hitthewallwitha's ghost (amateur MiBe)
  3120 | D:3      | Found a glowing drain.
  3153 | D:3      | Learned a level 3 spell: Summon Guardian Golem
  3154 | Sewer    | Entered a sewer
  3197 | Sewer    | Identified the ring "Adepeosa" {rElec rPois MP+9 AC+4}
  3275 | Sewer    | Noticed Pargi
  3285 | Sewer    | Killed Pargi
  3286 | Sewer    | Reached skill level 1 in Shields
  3286 | Sewer    | Reached XP level 6. HP: 36/36 MP: 12/12
  3880 | D:3      | Killed hitthewallwitha's ghost
  3881 | D:3      | Reached skill level 6 in Summonings
  4008 | D:4      | Reached skill level 1 in Hexes
  4012 | D:4      | Noticed Natasha
  4017 | D:4      | Reached XP level 7. HP: 41/41 MP: 13/13
  4028 | D:3      | Learned a level 4 spell: Summon Lightning Spire
  4162 | D:4      | Noticed Sigmund
  4318 | D:4      | Killed Natasha
  4472 | D:5      | Entered Level 5 of the Dungeon
  4531 | D:5      | Reached skill level 5 in Spellcasting
  4531 | D:5      | Reached skill level 1 in Air Magic
  4824 | D:5      | Reached XP level 8. HP: 46/46 MP: 15/15
  4838 | D:5      | Found a transporter.
  4843 | D:5      | Found an ornate altar of the Wu Jian Council.
  4843 | D:5      | Noticed ChrisAssaf's ghost (amateur HuEn)
  5239 | D:5      | Found a blossoming altar of Fedhas.
  5898 | D:6      | Identified 2 scrolls of acquirement
  5900 | D:6      | Acquired a book of the Wilderness
  5907 | D:6      | Acquired 916 gold pieces
  6022 | D:6      | Reached skill level 7 in Summonings
  6219 | D:6      | Found a white marble altar of Elyvilon.
  6231 | D:6      | Identified the +4 short sword of the Forsaken Tusks {pain,
                  | *Rage rC+ rN+++ Int-3}
  6257 | D:6      | Found a staircase to the Ecumenical Temple.
  6282 | Temple   | Entered the Ecumenical Temple
  6282 | Temple   | Found a transporter.
  6282 | Temple   | Found a transporter.
  6284 | Temple   | Found a transporter.
  6284 | Temple   | Found a transporter.
  6309 | Temple   | Became a worshipper of Gozag Ym Sagoz the Greedy
  6396 | D:6      | Found a runed translucent door.
  6397 | D:6      | Found a runed translucent door.
  6446 | D:6      | Reached XP level 9. HP: 45/51 MP: 18/18
  6713 | D:7      | Found a sparkling altar of Nemelex Xobeh.
  6808 | D:7      | Reached skill level 8 in Summonings
  6810 | D:7      | Found a radiant altar of Vehumet.
  7288 | D:7      | Found a burning altar of Makhleb.
  7288 | D:7      | Noticed a blizzard demon
  7775 | D:8      | Reached skill level 9 in Summonings
  8165 | D:8      | Reached XP level 10. HP: 50/56 MP: 20/20
  8443 | D:8      | Found a staircase to the Lair.
  8499 | D:8      | Noticed Joseph
  8518 | D:8      | Killed Joseph
  8519 | D:8      | Reached skill level 5 in Hexes
  8526 | D:8      | Learned a level 6 spell: Summon Cactus Giant
  8532 | D:8      | Learned a level 5 spell: Summon Mana Viper
  8754 | D:9      | Acquired the +0 buckler "Kinebrau" {Drain rElec Str+3}
  8917 | D:9      | Noticed Grum
  8929 | D:9      | Reached skill level 5 in Air Magic
  8931 | D:9      | Killed Grum
  8948 | D:9      | Reached skill level 1 in Fighting
  9075 | D:9      | Reached skill level 10 in Summonings
  9224 | D:9      | Found a faded altar of an unknown god.
  9226 | D:9      | Found a hazy altar of Hepliaklqana.
  9754 | D:10     | Entered Level 10 of the Dungeon
  9832 | D:10     | Noticed Erica
  9849 | D:10     | Killed Erica
  9850 | D:10     | Reached XP level 11. HP: 32/66 MP: 23/23
  9933 | D:10     | Noticed a two-headed ogre
  9937 | D:10     | Found a snail-covered altar of Cheibriados.
  9951 | D:10     | Killed a two-headed ogre
 10081 | D:10     | Found Plog's Neck Hole.
 10179 | D:10     | Reached skill level 11 in Summonings
 10248 | D:10     | Found a staircase to the Orcish Mines.
 10354 | D:10     | Noticed a boulder beetle
 10361 | D:10     | Killed a boulder beetle
 10484 | D:10     | Found an ancient bone altar of Kikubaaqudgha.
 10667 | D:10     | Found a hide-covered altar of Uskayaw.
 10901 | D:11     | Noticed a manticore
 10912 | D:11     | Killed a manticore
 11374 | D:11     | Noticed a boulder beetle
 11381 | D:11     | Killed a boulder beetle
 11382 | D:11     | Reached skill level 5 in Dodging
 11524 | D:11     | Noticed a five-headed hydra
 11563 | D:11     | Killed a five-headed hydra
 11576 | D:11     | Reached skill level 12 in Summonings
 12018 | D:12     | Reached XP level 12. HP: 75/75 MP: 24/24
 12041 | D:12     | Found Watur's Overcharged Wands.
 12042 | D:12     | Noticed Maurice
 12062 | D:12     | Killed Maurice
 12063 | D:12     | Reached skill level 5 in Fighting
 12665 | D:12     | Learned a level 3 spell: Swiftness
 13507 | D:13     | Noticed a centaur warrior
 13510 | D:13     | Noticed a seven-headed hydra
 13517 | D:13     | Killed a seven-headed hydra
 13521 | D:13     | Killed a centaur warrior
 13613 | D:13     | Noticed a centaur warrior
 13627 | D:13     | Killed a centaur warrior
 13628 | D:13     | Reached skill level 13 in Summonings
 14078 | D:13     | Noticed an ogre mage
 14083 | D:13     | Noticed a two-headed ogre
 14089 | D:13     | Noticed a two-headed ogre
 14092 | D:13     | Killed a two-headed ogre
 14102 | D:13     | Killed a two-headed ogre
 14135 | D:13     | Reached XP level 13. HP: 85/85 MP: 21/26
 14177 | D:13     | Reached skill level 10 in Spellcasting
 14204 | D:13     | Found a gate to the Vaults.
 15005 | D:14     | Found a broken altar of Ashenzari.
 15068 | D:14     | Reached skill level 14 in Summonings
 15149 | D:14     | Identified the +9 great sword of the Beloved God {flame,
                  | Drain rPois rC+ Str+5}
 15501 | Lair:1   | Entered Level 1 of the Lair of Beasts
 15776 | Lair:1   | Found a gate leading to a gauntlet.
 15834 | Gauntlet | Entered a Gauntlet
 15834 | Gauntlet | Found a transporter.
 15834 | Gauntlet | Found a transporter.
 15834 | Gauntlet | Found a transporter.
 15838 | Gauntlet | Found a transporter.
 15838 | Gauntlet | Found a transporter.
 15840 | Gauntlet | Found a transporter.
 15845 | Gauntlet | Noticed a great orb of eyes
 15848 | Gauntlet | Found a transporter.
 15852 | Gauntlet | Found a transporter.
 15857 | Gauntlet | Noticed a dire elephant
 15862 | Gauntlet | Found a transporter.
 15964 | Gauntlet | Found a transporter.
 15968 | Gauntlet | Found a transporter.
 15978 | Gauntlet | Found a transporter.
 16068 | Gauntlet | Identified the ring "Meiz" {Fly rC+++ rN++ Dex-5 Stlth-}
 16116 | Gauntlet | Killed a great orb of eyes
 16134 | Gauntlet | Identified the ring "Laedoc" {Wiz Stlth+}
 16170 | Gauntlet | Killed a dire elephant
 16199 | Gauntlet | Identified the +0 helmet of the Freezing Grue {Slay+5 SInv
                  | Stlth+}
 16220 | Gauntlet | Noticed a minotaur
 16237 | Gauntlet | Hit by a javelin thrown by a minotaur

Illustrated notes

Levels and vault maps discovered:
D:1:      minmay_arrival_five_plusses, layout_basic,
          hellmonk_ecumenical_altar_blasted, nicolae_kite_square_tiling_tiny,
          st_stairs_4
D:2:      layout_basic, serial_shops, nicolae_diamond_shop, chequers_avenue,
          minmay_hexomino_c4, uniq_terence, uniq_crazy_yiuf_cottage
D:3:      layout_loops_ring, nicolae_ru_awakened_eye, gammafunk_ghost_split,
          portal_sewer_entry_b
D:4:      layout_gridville, serial_rivers, chequers_serial_rivers_large_b,
          chequers_serial_rivers_small_a, chequers_serial_rivers_room_b,
          chequers_serial_rivers_micro_a, chequers_serial_rivers_micro_b,
          chequers_serial_rivers_small_3, nicolae_wormholes, uniq_sigmund,
          uniq_menkaure, uniq_natasha
D:5:      layout_layer_cave, lemuel_crystal_altar, fedhas_ov_isle_minmay,
          gammafunk_ghost_stat_death
D:6:      lemuel_insect_pit, layout_basic, nicolae_elyvilon_peaceful_grove,
          minmay_temple_entry_large_hall, kennysheep_generic_room_14
D:7:      layout_loops_ring, lemuel_doored_altar, makhleb_altar_promises_db,
          mainiacjoe_overflow_catwalk, st_stairs_13
D:8:      layout_basic, david_lair_shrubbed, uniq_joseph
D:9:      layout_roguey, beargit_hepliaklqana_dungeon_heroes, evilmike_butchery,
          uniq_grum
D:10:     layout_basic, general_overflow_altar, lemuel_tele_altar,
          nicolae_uskayaw_dance_hall, zombieorc2_lemuel, kennysheep_diamond,
          nicolae_shop_sticking_my_neck_out, uniq_erica
D:11:     layout_basic, serial_bayou_pond_c
D:12:     layout_cave_pods, nicolae_shop_overcharged_wands, uniq_maurice
D:13:     layout_basic, hangedman_vaults_entry_quadrant_bands
D:14:     layout_basic, nicolae_ashenzari_skybound
Temple:   hellmonk_temple_divided_pantheon
Lair:1:   layout_big_grid, gauntlet_entry_generic, beast_lair_carwin_9,
          lemuel_fruit_tree, grunt_megastairs_1
Gauntlet: gammafunk_gauntlet_hard_choice [gammafunk_gauntlet_arena_split_x,
          nicolae_gauntlet_arena_grate_2, gammafunk_gauntlet_arena_grid,
          gammafunk_gauntlet_arena_split_diamond,
          gammafunk_gauntlet_arena_corners, nicolae_gauntlet_arena_t_cross,
          nicolae_gauntlet_exit_dead_adventurers]

Skill      XL: |  1  2  3  4  5  6  7  8  9 10 11 12 13 |
---------------+----------------------------------------+-----
Spellcasting   | 3 4 5 6 7 8 9 10 | 10.5
Summonings     | 5 6 7 9 10 12 13 14 | 14.6
Shields        | 1 2 3 4 |  4.0
Hexes          | 1 2 3 4 5 |  5.0
Air Magic      | 1 2 4 5 7 |  7.0
Fighting       | 2 4 6 7 |  7.8
Dodging        | 3 5 7 8 |  8.2
Stealth        | |  2.6

Action                   |  1- 3 |  4- 6 |  7- 9 | 10-12 | 13-15 || total
-------------------------+-------+-------+-------+-------+-------++-------
Melee: Unarmed           |    14 |       |       |       |       ||    14
       Constrict         |     4 |     5 |    13 |     2 |     4 ||    28
       Tentacles         |     4 |     1 |     9 |     4 |    12 ||    30
       Dagger            |       |     9 |    47 |    16 |    21 ||    93
       Punch             |       |     1 |       |     1 |       ||     2
 Cast: Summon Small Mamm |    41 |     5 |     7 |       |       ||    53
       Call Imp          |    15 |    11 |     6 |       |       ||    32
       Call Canine Famil |     1 |    17 |    32 |    27 |    15 ||    92
       Summon Guardian G |       |     5 |    20 |    37 |    18 ||    80
       Summon Lightning  |       |       |    15 |    35 |    17 ||    67
       Summon Mana Viper |       |       |       |    23 |    13 ||    36
       Summon Cactus Gia |       |       |       |    37 |    22 ||    59
  Use: Scroll            |       |     5 |     4 |     6 |     2 ||    17
       Potion            |       |       |       |     1 |     1 ||     2
 Stab: Sleeping          |       |       |     2 |     2 |       ||     4
       Distracted        |       |       |     1 |     1 |     1 ||     3
Armor: Skin              |     5 |     3 |     6 |    11 |     4 ||    29
Dodge: Dodged            |    19 |     8 |    32 |    21 |    14 ||    94
Block: Buckler           |       |       |    10 |    14 |     7 ||    31
